 Dungeon Crawl Stone Soup version 0.29.1-13-g9f3cf754e1 (webtiles) character file.

Game seed: 14927778462177442644

791 Linkola the Trooper (level 7, -1/60 HPs)
             Began as a Minotaur Fighter on Jan 20, 2023.
             Slain by a water moccasin (2 damage)
             ... on level 6 of the Dungeon.
             The game lasted 00:11:35 (5573 turns).

Linkola the Trooper (Minotaur Fighter)              Turns: 5573, Time: 00:11:36

Health: -1/60      AC: 15    Str: 29    XL:     7   Next: 57%
Magic:  0/6        EV:  9    Int:  5    God:
Gold:   337        SH:  0    Dex: 10    Spells: 6/6 levels left

rFire   . . .      SeeInvis +   n - +4 quarterstaff (chaos)
rCold   . . .      Faith    .   (shield currently unavailable)
rNeg    . . .      Spirit   +   u - +5 chain mail of Xugem {rCorr Dex-5 SInv}
rPois   .          Reflect  .   (helmet restricted)
rElec   .          Harm     .   o - +0 cloak
rCorr   +          Rampage  .   (no gloves)
Will    .....                   (no boots)
Stlth   ..........              b - amulet of guardian spirit
HPRegen 0.20/turn               e - +6 ring of strength
MPRegen 0.10/turn               m - +6 ring of dexterity

@: lethally poisoned (-1 -> -3), flying
A: horns 2, retaliatory headbutt
a: no special abilities


You were on level 6 of the Dungeon.
You visited 1 branch of the dungeon, and saw 6 of its levels.

You collected 337 gold pieces.

Inventory:

Hand Weapons
 g - a +1 whip of draining
 n - a +4 quarterstaff of chaos (weapon)
Missiles
 f - a stone (quivered)
 s - 4 datura-tipped darts
 t - a throwing net
Armour
 c - a +0 buckler
 i - a +2 ring mail of poison resistance
 o - a +0 cloak (worn)
 u - the +5 chain mail of Xugem (worn) {rCorr Dex-5 SInv}
   (You found it on level 5 of the Dungeon)

   Dex:       It affects your dexterity (-5).
   SInv:      It lets you see invisible.
   rCorr:     It protects you from acid and corrosion.
Jewellery
 b - an amulet of guardian spirit (around neck)
 e - a +6 ring of strength (left hand)
 m - a +6 ring of dexterity (right hand)
Wands
 q - a wand of iceblast (10)
Scrolls
 a - a scroll of teleportation
 h - 2 scrolls of magic mapping
 l - 2 scrolls of identify
Potions
 d - 2 potions of might
 j - a potion of berserk rage
 k - a potion of invisibility
 r - a potion of ambrosia {unknown}


   Skills:
 + Level 4.9 Fighting
 + Level 2.5(3.2) Axes
 + Level 2.6(4.2) Maces & Flails
 + Level 4.1(4.5) Staves
 * Level 2.9 Throwing
 + Level 4.8 Armour
 + Level 2.7 Dodging
 + Level 4.0 Shields
 * Level 3.3 Evocations


You had 6 spell levels left.
You didn't know any spells.
Your spell library contained the following spells:

 Spells                   Type           Power      Damage    Failure   Level
 Shock                    Conj/Air       0%         1d3       95%         1
 Slow                     Hex            0%         N/A       95%         1
 Confusing Touch          Hex            0%         N/A       100%        3
 Swiftness                Air            0%         N/A       100%        3
 Vampiric Draining        Necr           0%         2d6       100%        3
 Airstrike                Air            0%         2d(0-16)  100%        4


Dungeon Overview and Level Annotations

Branches:
Dungeon (6/15)
 Temple: D:4-7

Altars:


Innate Abilities, Weirdness & Mutations

You have a pair of horns on your head.
You reflexively headbutt those who attack you in melee.


Message History

You are poisoned.
The water moccasin poisons you!
You sock the water moccasin! You burn the water moccasin.
Your headbutt misses the water moccasin.
The water moccasin is severely wounded.
You feel very sick. The orc barely misses you.
The water moccasin bites you but does no damage.
You hit the water moccasin.
The water moccasin is severely wounded.
You feel sick. The water moccasin bites you.
The water moccasin bites you but does no damage.
The orc hits you but does no damage.
The ice beast hits you but does no damage.
The orc hits you but does no damage.
You feel sick. The ice beast barely misses you. The orc misses you.
The ice beast attacks as you move away! The ice beast hits you.
The ice beast freezes you! The orc attacks as you move away!
The orc barely misses you. You furiously retaliate!
You headbutt the orc!
You kill the orc!
You feel sick. The water moccasin closely misses you.
You feel sick. The ice beast barely misses you.
The orc priest invokes the aid of Beogh against you.
Beogh smites you!
* * * LOW HITPOINT WARNING * * *
The orc attacks as you move away! The orc misses you. You furiously retaliate!
You headbutt the orc!
You kill the orc!
The ice beast attacks as you move away! The ice beast hits you.
* * * LOW HITPOINT WARNING * * *
The ice beast freezes you!
* * * LOW HITPOINT WARNING * * *
x2 You feel sick.
Unknown command.
It was a potion of flight.
You feel very buoyant.
You fly up into the air.
* * * LOW HITPOINT WARNING * * *
You feel sick. The water moccasin bites you.
You die...

#.# #.# #.# #.# #.#
### #.# +.# #.#
#########.########.#
.........@.....†...#
.......)YS....######
.$.....oJ.....#
.###...###...# #.)o#
#...# #...# #...#
....... ....#
..............#
.............##


You could see a water moccasin, an ice beast, a jelly, an orc priest and an orc.

Vanquished Creatures
  A black bear (D:5)
  Blork the orc (D:5)
  2 scorpions
  4 hounds
  Crazy Yiuf (D:3)
  Robin (D:3)
  5 adders
  13 gnolls (D:5)
  2 shadow imps (D:5)
  2 dart slugs
  11 orcs
  4 ball pythons
  9 bats
  7 endoplasms
  A giant cockroach (D:1)
  49 goblins
  21 hobgoblins
  6 jackals (D:4)
  4 quokkas
  2 frilled lizards
  9 kobolds
  10 rats
165 creatures vanquished.

Vanquished Creatures (others)
  A fungus (D:3)
  A withered plant (D:2)
2 creatures vanquished.

Grand Total: 167 creatures vanquished

Notes
Turn   | Place    | Note
-------+----------+-------------------------------------------
     0 | D:1      | Linkola the Minotaur Fighter began the quest for the Orb.
     0 | D:1      | Reached XP level 1. HP: 19/19 MP: 0/0
   278 | D:1      | Reached XP level 2. HP: 21/27 MP: 1/1
   677 | D:1      | Reached skill level 1 in Evocations
   946 | D:1      | Reached XP level 3. HP: 33/33 MP: 2/2
  1503 | D:2      | Found a faded altar of an unknown god.
  2095 | D:3      | Noticed Robin
  2106 | D:3      | Killed Robin
  2107 | D:3      | Reached skill level 1 in Throwing
  2108 | D:3      | Reached XP level 4. HP: 28/40 MP: 3/3
  2109 | D:3      | Reached skill level 1 in Maces & Flails
  2998 | D:3      | Found a runed translucent door.
  2999 | D:3      | Noticed Crazy Yiuf
  3119 | D:3      | Killed Crazy Yiuf
  3120 | D:3      | Reached XP level 5. HP: 37/46 MP: 1/4
  3542 | D:4      | Reached skill level 1 in Dodging
  3812 | D:4      | You fall into a shaft and drop 1 floor!
  3812 | D:5      | Entered Level 5 of the Dungeon
  3966 | D:5      | Noticed a black bear
  4337 | D:5      | Reached skill level 1 in Staves
  4337 | D:5      | Reached XP level 6. HP: 52/53 MP: 5/5
  4590 | D:5      | Noticed Blork the orc
  4595 | D:5      | Killed Blork the orc
  4903 | D:5      | Reached XP level 7. HP: 54/60 MP: 6/6
  5130 | D:5      | Identified the +5 chain mail of Xugem {rCorr Dex-5 SInv}
  5572 | D:6      | HP: 2/60 [ice beast (10)]
  5573 | D:6      | Slain by a water moccasin

Illustrated notes

Levels and vault maps discovered:
D:1:      evilmike_arrival_rings, layout_basic, serial_rivers,
          chequers_serial_rivers_marsh, chequers_serial_rivers_large_a,
          chequers_serial_rivers_marsh, chequers_serial_rivers_micro_b
D:2:      layout_loops_ring, ebering_ecumenical_altar_petrified
D:3:      layout_basic, uniq_robin, uniq_crazy_yiuf_cottage
D:4:      layout_basic
D:5:      minmay_goblin_kobold_castle, layout_loops_ring,
          minmay_stone_trees_small, uniq_blork_the_orc
D:6:      layout_loops_ring, roderic_serpentine_path, hangedman_decor_points,
          kennysheep_boxes

Skill      XL: |  1  2  3  4  5  6  7 |
---------------+----------------------+-----
Evocations     | 1 2 3 |  3.3
Fighting       | 4 |  4.9
Armour         | 4 |  4.8
Shields        | 4 |  4.0
Throwing       | 1 2 |  2.9
Maces & Flails | 2 |  2.6
Dodging        | 2 |  2.7
Staves         | 1 2 4 |  4.1
Axes           | |  2.5

Action                   |  1- 3 |  4- 6 |  7- 9 || total
-------------------------+-------+-------+-------++-------
Melee: War axe           |     9 |       |       ||     9
       Whip              |    61 |    40 |       ||   101
       Headbutt          |    11 |    18 |    10 ||    39
       Quarterstaff      |       |    82 |    89 ||   171
Throw: Stone             |    26 |    20 |     5 ||    51
  Use: Scroll            |     7 |     6 |       ||    13
       Potion            |     1 |       |     1 ||     2
 Stab: Sleeping          |     1 |     1 |       ||     2
Armor: Scale mail        |    13 |       |       ||    13
       Ring mail         |       |    43 |    19 ||    62
       Chain mail        |       |       |    41 ||    41
Dodge: Dodged            |    29 |    87 |    78 ||   194
Block: Buckler           |    11 |     4 |       ||    15
